 Dungeon Crawl Stone Soup version 0.17-a0-1793-gcbb3aa1 (webtiles) character file.

48 thrall606 the Skirmisher (level 3, 0/29 HPs)
             Began as a Demonspawn Abyssal Knight on Sept 7, 2015.
             Was a Follower of Lugonu.
             Slain by a hobgoblin
             ... wielding a +0 club
             ... led by Robin
              (3 damage)
             ... on level 2 of the Dungeon on Sept 9, 2015.
             The game lasted 00:05:13 (1542 turns).

thrall606 the Skirmisher (DsAK)                     Turns: 1542, Time: 00:05:13

Health: 0/29       AC:  8    Str: 12    XL:     3   Next: 50%
Magic:  5/5        EV: 10    Int: 13    God:    Lugonu [*.....]
Gold:   74         SH:  0    Dex: 13    Spells: 0 memorised, 2 levels left

rFire  . . .     SeeInvis .     a - +1 falchion
rCold  + . .     Clarity  .     e - +0 ring mail (curse)
rNeg   . . .     SustAt   .     (no shield)
rPois  .         Gourm    .     (no helmet)
rElec  .         Spirit   .     (no cloak)
rCorr  .         Warding  .     h - +0 pair of gloves
rMut   .         Stasis   .     (no boots)
MR     .....                    (no amulet)
Stlth  +.........               (no ring)
                                (no ring)

@: not resistant to hostile enchantments, very unstealthy
A: yellow scales 1, cold resistance 1
a: Depart the Abyss, Renounce Religion


You were on level 2 of the Dungeon.
You worshipped Lugonu.
Lugonu was aware of your devotion.
You were not hungry.

You visited 1 branch of the dungeon, and saw 2 of its levels.
You visited the Abyss 1 time.

You collected 74 gold pieces.

Inventory:

Hand weapons
 a - a +1 falchion (weapon)
Armour
 b - a +0 leather armour
 e - a cursed +0 ring mail (worn)
 h - a +0 pair of gloves (worn)
Jewellery
 g - an uncursed amulet of resist mutation
Potions
 f - a potion of cure mutation
 j - a potion of heal wounds {unknown}
Comestibles
 c - a bread ration
 d - 7 chunks of flesh
 i - a slice of pizza
 k - a meat ration


   Skills:
 + Level 3.3 Fighting
 + Level 1.9 Long Blades
 + Level 2.5 Armour
 + Level 1.4 Dodging
 + Level 3.1 Invocations


You had 2 spell levels left.
You didn't know any spells.

Dungeon Overview and Level Annotations

Branches:
Dungeon (2/15)

Altars:

Annotations:
D:2 Robin


Innate Abilities, Weirdness & Mutations

You are partially covered in yellow scales (AC +2).
Your flesh is cold resistant.


Message History

The hobgoblin barely misses you. The goblin barely misses you.
Robin laughs in a distinctly smug fashion.
You barely miss the hobgoblin.
The hobgoblin is heavily wounded.
The hobgoblin barely misses you. The goblin hits you.
* * * LOW HITPOINT WARNING * * *
You hit the hobgoblin.
You kill the hobgoblin!
Lugonu accepts your kill. The goblin misses you.
Robin roars a battlecry!
The goblins go into a battle-frenzy!
You closely miss the hobgoblin. The goblin hits you.
* * * LOW HITPOINT WARNING * * *
The hobgoblin barely misses you.
Robin roars a battlecry!
The goblin goes into a battle-frenzy!
You barely miss the hobgoblin. The goblin barely misses you.
The hobgoblin hits you with a club.
You die...

g....####.#
..........#
>.........######.#
#............#.#
#+#+##
#...Sg.#####.#.#######
......
#.g.ggg....#.#.#......
......
#.###gK....#.#.#.#####
...... #
#g######.#.#.# ......
#@# #.#.#.##### ......
#g# ##.#'#......
...... #.#
#.........## ......
#.. #.........'.
...... #.>
+.........## ......
##%. #.........#
...... .. +.....######
...... ...#######
......


You could see Robin, an adder, a hobgoblin (frenzied), 5 goblins and a kobold.

Vanquished Creatures
  An ooze (D:1)
  A worm (D:2)
  2 giant geckos (D:1)
  2 giant cockroaches (D:1)
  7 goblins
  3 hobgoblins (D:2)
  4 jackals (D:2)
  2 kobolds (D:1)
  A ball python (D:1)
  7 bats
  2 giant newts (D:1)
  8 rats
40 creatures vanquished.

Notes
Turn   | Place    | Note
--------------------------------------------------------------
     0 | Abyss:1  | thrall606 the Demonspawn Abyssal Knight began the quest for the Orb.
     0 | Abyss:1  | Reached XP level 1. HP: 18/18 MP: 2/2
    37 | Abyss:1  | Noticed a wretched star
    38 | D:1      | Escaped the Abyss
   236 | D:1      | Upgraded the game from 0.17-a0-1769-g54adf96 to 0.17-a0-1793-gcbb3aa1
   252 | D:1      | Reached skill level 1 in Dodging
   359 | D:1      | Acquired Lugonu's first power
   414 | D:1      | Gained mutation: You are partially covered in yellow scales (AC +2). [demonic ancestry]
   414 | D:1      | Reached XP level 2. HP: 20/24 MP: 4/4
  1082 | D:2      | Gained mutation: Your flesh is cold resistant. [demonic ancestry]
  1082 | D:2      | Reached XP level 3. HP: 16/29 MP: 5/5
  1511 | D:2      | Noticed Robin
  1542 | D:2      | Slain by a hobgoblin

Vault maps used:
D:1:      sevenhm_arrival_forest_fort_large_2
D:2:      uniq_robin
Abyss:1:  abyss_exit_lava, hangedman_decor_lopped

Action                   || total
-------------------------++-------
Melee: Falchion          ||   140
Invok: Depart the Abyss  ||     1
  Use: Scroll            ||     3
  Eat: Chunk             ||     2
